 Dungeon Crawl Stone Soup version 0.26.1-11-gd32895ea62 (webtiles) character file.

Game seed: 188385646067230551

85904 Zeld the Peltast (level 15, -13/108 HPs)
             Began as an Octopode Brigand on May 13, 2021.
             Was an Elder of Fedhas.
             Killed from afar by Azrael (16 damage)
             ... with a bolt of fire
             ... on level 1 of the Orcish Mines.
             The game lasted 01:40:41 (62266 turns).

Zeld the Peltast (Octopode Brigand)                Turns: 62266, Time: 01:40:42

Health: -13/108    AC:  7    Str: 15    XL:     15   Next: 85%
Magic:  33/33      EV: 21    Int: 14    God:    Fedhas [****..]
Gold:   1383       SH: 22    Dex: 15    Spells: 14/14 levels left

rFire    + . .     SeeInvis .   u - +4 dagger (venom)
rCold    . . .     Faith    .   J - +4 kite shield
rNeg     + . .     Spirit   .   N - +2 hat
rPois    +         Reflect  +   b - amulet of reflection
rElec    .         Harm     .   s - ring of stealth
rCorr    .         Rampage  .   y - ring of magical power
Will     +....                  B - ring of poison resistance
Stlth    +++++.....             m - ring of poison resistance
HPRegen  0.28/turn              n - ring of Masian {rF+ rN+}
MPRegen  0.23/turn              v - +4 ring of protection
                                (no ring)
                                (no ring)

@: no status effects
A: almost no armour, stealthy swim, amphibious, 8 rings, constrict 8, camouflage
1, gelatinous body 1
a: Renounce Religion, Wall of Briars, Grow Ballistomycete, Overgrow


You were on level 1 of the Orcish Mines.
You worshipped Fedhas.
Fedhas was greatly pleased with you.
You visited 4 branches of the dungeon, and saw 24 of its levels.

You collected 2163 gold pieces.
You spent 780 gold pieces at shops.

Inventory:

Hand Weapons
 a - a +3 dagger
 l - a +2 dagger of electrocution
 t - a +3 vorpal dagger
 u - a +4 dagger of venom (weapon)
 G - a +2 dagger of protection
Missiles
 c - 6 curare-tipped darts
 D - 88 poisoned darts (quivered)
 L - 3 datura-tipped darts
Armour
 J - a +4 kite shield (worn)
 N - a +2 hat (worn)
Jewellery
 b - an amulet of reflection (around mantle)
 d - an uncursed ring of wizardry {unknown}
 m - a ring of poison resistance (on tentacle)
 n - the ring of Masian (on tentacle) {rF+ rN+}
   (You acquired it on level 4 of the Lair of Beasts)

   [ring of protection from fire]

   It protects you from fire.
   It protects you from negative energy.
 s - a ring of stealth (left tentacle)
 v - a +4 ring of protection (on tentacle)
 y - a ring of magical power (right tentacle)
 B - a ring of poison resistance (on tentacle)
Wands
 h - a wand of random effects (24)
 j - a wand of iceblast (17)
 r - a wand of enslavement (16)
 A - a wand of polymorph (23)
 C - a wand of flame (20)
 F - a wand of acid (14)
 H - a wand of digging (1)
 I - a wand of paralysis (21)
Scrolls
 e - 3 scrolls of magic mapping
 f - 16 scrolls of remove curse
 g - a scroll of teleportation
 k - 4 scrolls of amnesia
 E - 10 scrolls of identify
 K - a scroll of holy word
 M - a scroll of silence
Potions
 i - 2 potions of haste
 o - a potion of resistance
 p - 3 potions of brilliance
 q - 4 potions of flight
 x - a potion of cancellation


   Skills:
 * Level 12.0 Fighting
 - Level 10.0 Short Blades
 - Level 6.0 Throwing
 * Level 11.9 Dodging
 - Level 5.3 Stealth
 - Level 15.0 Shields
 * Level 12.7 Invocations


You had 14 spell levels left.
You didn't know any spells.
Your spell library contained the following spells:

 Spells                   Type           Power        Failure   Level
 Animate Skeleton         Necr           0%           28%         1
 Beastly Appendage        Tmut           0%           28%         1
 Pain                     Necr           0%           28%         1
 Wereblood                Tmut           0%           41%         2
 Spider Form              Tmut/Pois      0%           65%         3
 Vampiric Draining        Necr           0%           65%         3
 Animate Dead             Necr           0%           96%         4
 Cause Fear               Hex            0%           96%         4
 Ice Form                 Ice/Tmut       0%           96%         4
 Agony                    Necr           0%           100%        5
 Blade Hands              Tmut           0%           100%        5
 Silence                  Hex/Air        0%           100%        5
 Yara's Violent Unravell  Hex/Tmut       0%           100%        5
 Discord                  Hex            0%           100%        8


Dungeon Overview and Level Annotations

Branches:
Dungeon (15/15)            Temple (1/1) D:4            Lair (6/6) D:9
 Shoals (0/4) Lair:3        Snake (0/4) Lair:2        Slime (0/5) Lair:5
    Orc (2/2) D:9          Vaults (0/5) D:14         Depths (0/5) D:15
    Elf: Orc:2

Altars:
Ashenzari
Cheibriados
Dithmenos
Elyvilon
Fedhas
Gozag
Hepliaklqana
Kikubaaqudgha
Makhleb
Nemelex Xobeh
Okawaru
Qazlal
Ru
Sif Muna
Trog
Uskayaw
Vehumet
Wu Jian
Xom
Yredelemnul
Zin
The Shining One
Beogh

Shops:
D:15 *   Orc:1 (

Annotations:
D:11 2 transporters, Golfball's ghost, journeyman DrBe
Orc:1 Azrael
Orc:2 exclusion: door


Innate Abilities, Weirdness & Mutations

You cannot wear most types of armour.
You are very stealthy in the water. (Stealth+)
You are amphibious.
You can wear up to eight rings at the same time.
You can use your tentacles to constrict eight enemies at once.
Your skin changes colour to match your surroundings (Stealth+).
Your rubbery body absorbs attacks. (AC +1, EV +1)


Message History

You hit Azrael.
Azrael is almost dead.
You block Azrael's attack.
You hit Azrael but do no damage. You squeeze Azrael.
Azrael is almost dead.
You hit Azrael but do no damage.
Azrael is almost dead.
Azrael gestures at you.
The sphere of damnation explodes!
The damnation engulfs you!!
* * * LOW HITPOINT WARNING * * *
The damnation engulfs Azrael.
Azrael completely resists.
Unknown command.
Okay, then.
Azrael gestures at you.
The fireball explodes!
The fireball engulfs you!! You resist.
* * * LOW HITPOINT WARNING * * *
Azrael gestures at you. The bolt of fire hits you! You resist.
You die...
Fedhas appreciates your contribution to the ecosystem.

..###.........))).............#..
...##...................#........
...#....................#.....#..
#..........>.....#.............#.
...........○..................#..
#.#.........☼................>...
###......##..R................#..
##.#.#..^....................##..
#.....#..#......@.............#..
##.......##.....#....#........#..
#.......#####.##.....#.##........
....#....## #####...#............
#.......#.## #...##.....#......
##.........# ##.#........#....#
#.........## ##....###.#......
##.........# #.....####.#.##..
###..###.## ##.#.##.#...####.


You could see Azrael (extremely poisoned).

Vanquished Creatures
  Kirke (D:13)
  A fire giant (D:10)
  An ironheart preserver (D:14)
  8 hydras
  Erolcha (D:11)
  A rakshasa (D:15)
  6 boulder beetles
  A catoblepas (Lair:6)
  Harold (Lair:2)
  3 centaur warriors
  3 death yaks
  6 two-headed ogres
  A tengu warrior (D:14)
  An orc high priest (Orc:1)
  Urug (D:12)
  2 unseen horrors
  A wizard (D:15)
  2 necromancers
  An orc knight (D:9)
  3 wolf spider zombies (D:13)
  5 ugly things
  4 deep elf magi
  A cyclops (shapeshifter) (D:15)
  A manticore (D:11)
  4 centaur zombies
  13 elephants
  A guardian serpent (shapeshifter) (D:14)
  6 cyclopes
  The ghost of RogueCrawler the Shield-Bearer, a novice MiFi of Makhleb (D:6)
  A naga mage (D:15)
  7 black mambas
  13 cane toads
  3 gargoyles
  A cane toad (shapeshifter) (D:14)
  A tengu conjurer (D:10)
  2 rime drakes
  4 komodo dragons
  A harpy skeleton (D:14)
  5 polar bears
  7 trolls
  2 hornets (D:13)
  3 dream sheep (Lair:5)
  A hornet (shapeshifter) (D:15)
  9 slime creatures
  8 blink frogs
  A centaur simulacrum (D:14)
  A shadow (D:13)
  6 wraiths
  44 yaks
  2 fire elementals (Orc:1)
  A spriggan (Lair:5)
  4 wyverns
  6 basilisks
  2 hogs (D:13)
  2 steam dragons
  5 nagas (Lair:2)
  A soldier ant (D:5)
  3 hell hounds
  16 water moccasins
  Duvessa (D:4)
  14 orc warriors
  4 sky beasts
  2 hornet zombies
  9 ice beasts
  A phantom (D:14)
  5 black bears
  2 necrophages
  13 ogres
  16 centaurs
  An eye of draining (D:15)
  12 wolves
  9 big kobolds
  24 bullfrogs
  A spectral wyvern (D:7)
  A gnoll sergeant (D:12)
  A water moccasin zombie (D:6)
  Dowan (D:5)
  3 scorpions
  A killer bee (D:8)
  A howler monkey (D:12)
  13 wights
  3 bullfrog zombies
  A quasit (D:7)
  4 centaur skeletons
  21 orc wizards
  4 hounds
  Crazy Yiuf (D:7)
  10 orc priests
  2 bullfrog skeletons
  5 jellies
  6 hell rats
  9 iguanas
  Natasha (thrice) (D:2)
  17 worker ants
  A hound skeleton (D:9)
  2 mummies
  A howler monkey zombie (D:11)
  A howler monkey skeleton (D:7)
  3 worker ant zombies
  14 adders
  6 gnolls
  2 white imps
  2 oozes (D:3)
  A spectral adder (D:8)
  2 adder skeletons
  An adder zombie (D:3)
  2 dart slugs
  5 leopard geckos
  110 orcs
  8 bats
  10 giant cockroaches
  12 goblins
  5 hobgoblins
  14 jackals
  16 kobolds
  4 quokkas
  6 frilled lizards
  2 giant cockroach zombies
  A jackal skeleton (D:4)
  A jackal zombie (D:6)
  A kobold zombie (D:7)
  3 orc zombies (D:7)
  2 quokka skeletons
  A quokka zombie (D:8)
  10 rats
  3 ballistomycete spores
  A butterfly (D:5)
717 creatures vanquished.

Vanquished Creatures (collateral kills)
  A hydra (D:13)
  The ghost of Toast5 the Cleaver, a novice GrFi of Okawaru (D:8)
  2 unseen horrors
  An ugly thing (D:14)
  A gargoyle (D:15)
  2 dream sheep (Lair:5)
  2 slime creatures (D:15)
  A yak (D:10)
  An acid dragon (D:14)
  2 killer bees (D:8)
  A quasit (D:10)
  49 ballistomycete spores
64 creatures vanquished.

Vanquished Creatures (others)
  2 manticores
  A shadow (D:12)
  5 humans (D:13)
  An eye of draining (D:13)
  A wyvern zombie (D:13)
  2 worker ants (D:13)
  An orc (D:13)
  A kobold (D:12)
  3 ballistomycete spores
  119 fungi
  188 plants
324 creatures vanquished.

Grand Total: 1105 creatures vanquished

Notes
Turn   | Place    | Note
-------+----------+-------------------------------------------
     0 | D:1      | Zeld the Octopode Brigand began the quest for the Orb.
     0 | D:1      | Reached XP level 1. HP: 14/14 MP: 1/1
   282 | D:1      | Reached XP level 2. HP: 19/19 MP: 2/2
   552 | D:1      | Reached XP level 3. HP: 22/24 MP: 3/3
   944 | D:2      | Noticed Natasha
   948 | D:2      | Killed Natasha
   955 | D:2      | Reached XP level 4. HP: 29/29 MP: 4/4
  1124 | D:2      | Noticed Natasha
  1132 | D:2      | Killed Natasha
  1393 | D:2      | Noticed Natasha
  1398 | D:2      | Killed Natasha
  1399 | D:2      | Reached skill level 5 in Throwing
  1399 | D:2      | Reached XP level 5. HP: 34/34 MP: 5/5
  2739 | D:3      | Found a bloodstained altar of Trog.
  2838 | D:3      | Found a shimmering altar of Xom.
  2839 | D:3      | Found a hazy altar of Hepliaklqana.
  2840 | D:3      | Noticed a spectral ugly thing
  2971 | D:3      | Found an opulent altar of Gozag.
  2982 | D:3      | Reached XP level 6. HP: 34/39 MP: 6/6
  3073 | D:3      | Found a sparkling altar of Nemelex Xobeh.
  3564 | D:4      | Found a staircase to the Ecumenical Temple.
  3574 | Temple   | Entered the Ecumenical Temple
  3580 | Temple   | Became a worshipper of Fedhas Madash
  3599 | Temple   | Reached XP level 7. HP: 23/45 MP: 7/7
  3879 | D:4      | Reached skill level 5 in Short Blades
  4283 | D:4      | Noticed Dowan
  4287 | D:4      | Noticed Duvessa
  4306 | D:4      | Killed Duvessa
  4308 | D:5      | Entered Level 5 of the Dungeon
  4581 | D:5      | Killed Dowan
  4621 | D:5      | Reached XP level 8. HP: 20/50 MP: 8/8
  4995 | D:5      | Found a shadowy altar of Dithmenos.
  5581 | D:5      | Reached * piety under Fedhas
  6486 | D:5      | Found a runed translucent door.
  6491 | D:5      | Found a runed translucent door.
  7352 | D:6      | Reached XP level 9. HP: 41/54 MP: 9/9
  7471 | D:6      | Found a glowing silver altar of Zin.
  7990 | D:6      | Found an opulent altar of Gozag.
  8134 | D:6      | Reached skill level 10 in Short Blades
  8333 | D:6      | Found a runed translucent gate.
  8333 | D:6      | Found a runed translucent gate.
  8333 | D:6      | Found a runed translucent gate.
  8334 | D:6      | Noticed RogueCrawler's ghost (novice MiFi)
  8334 | D:6      | Identified the +8 short sword "Meif" {elec, Fragile rElec
                  | Str+2 Dex+6}
  8707 | D:5      | Reached skill level 1 in Invocations
  9757 | D:7      | Found a sacrificial altar of Ru.
  9975 | D:7      | Found a hide-covered altar of Uskayaw.
 10613 | D:7      | Reached ** piety under Fedhas
 11194 | D:7      | Found a runed translucent door.
 11195 | D:7      | Noticed Crazy Yiuf
 11360 | D:7      | Killed Crazy Yiuf
 11361 | D:7      | Reached XP level 10. HP: 57/65 MP: 13/13
 11651 | D:8      | Noticed a two-headed ogre
 11883 | D:8      | Found a broken altar of Ashenzari.
 11885 | D:8      | Reached skill level 5 in Fighting
 12506 | D:8      | Reached skill level 5 in Invocations
 13145 | D:8      | Noticed a two-headed ogre
 13184 | D:8      | Found a runed translucent gate.
 13184 | D:8      | Found a runed translucent gate.
 13184 | D:8      | Found a runed translucent gate.
 13184 | D:8      | Noticed Toast5's ghost (novice GrFi)
 13499 | D:8      | Reached skill level 5 in Dodging
 13834 | D:8      | Found a snail-covered altar of Cheibriados.
 14121 | D:8      | Killed a two-headed ogre
 14367 | D:8      | Killed a two-headed ogre
 15825 | D:9      | Found a staircase to the Lair.
 16263 | D:9      | Identified the +9 plate armour of Kikubaaqudgha's Hope
                  | {Harm *Drain Will+++ Dex-4}
 16435 | D:9      | Found a staircase to the Orcish Mines.
 16662 | D:9      | Reached *** piety under Fedhas
 16719 | D:8      | Reached XP level 11. HP: 16/75 MP: 16/16
 17725 | D:9      | Noticed a two-headed ogre
 17740 | D:9      | Killed a two-headed ogre
 18028 | D:9      | Killed an unseen horror
 18561 | D:10     | Entered Level 10 of the Dungeon
 18682 | D:10     | Noticed a red ugly thing
 18708 | D:10     | Killed a red ugly thing
 21493 | D:6      | Killed RogueCrawler's ghost
 23311 | Lair:1   | Entered Level 1 of the Lair of Beasts
 23900 | Orc:1    | Entered Level 1 of the Orcish Mines
 23991 | D:10     | Reached skill level 1 in Shields
 24010 | D:10     | Reached skill level 2 in Shields
 24307 | D:10     | Reached skill level 3 in Shields
 24922 | D:10     | Noticed a centaur warrior
 24922 | D:10     | Noticed a cyclops
 25249 | D:10     | Killed a cyclops
 25250 | D:10     | Reached skill level 4 in Shields
 25668 | D:11     | Noticed a two-headed ogre
 25668 | D:11     | Noticed a moth of wrath
 25672 | D:11     | Noticed a two-headed ogre
 25673 | D:11     | Noticed Golfball's ghost (journeyman DrBe)
 25740 | Lair:1   | Noticed a five-headed hydra
 25771 | Lair:1   | Killed a five-headed hydra
 25772 | Lair:1   | Reached skill level 5 in Shields
 25772 | Lair:1   | Reached XP level 12. HP: 33/84 MP: 18/18
 25773 | Lair:1   | Reached skill level 6 in Shields
 26350 | Lair:1   | Reached skill level 7 in Shields
 27903 | Lair:2   | Noticed a five-headed hydra
 28002 | Lair:2   | Reached skill level 8 in Shields
 28391 | Lair:2   | Noticed a six-headed hydra
 28572 | Lair:2   | Noticed Harold
 28594 | Lair:2   | Killed Harold
 28606 | Lair:2   | Killed a five-headed hydra
 28607 | Lair:2   | Reached skill level 9 in Shields
 29553 | Lair:2   | Found a staircase to the Snake Pit.
 29873 | D:8      | Killed Toast5's ghost
 30288 | Lair:2   | Killed a six-headed hydra
 30289 | Lair:2   | Reached skill level 10 in Shields
 31041 | Lair:3   | Noticed a death yak
 31043 | Lair:3   | Noticed a death yak
 31073 | Lair:3   | Reached skill level 11 in Shields
 31421 | Lair:2   | Killed a death yak
 31554 | Lair:2   | Reached XP level 13. HP: 73/89 MP: 19/19
 32323 | Lair:3   | Found a staircase to the Shoals.
 33473 | Lair:4   | Reached skill level 12 in Shields
 34260 | Lair:4   | Found the +8 demon trident "Rift" {distort, reach+}
 34434 | Lair:4   | Reached skill level 13 in Shields
 34643 | Lair:4   | Identified a scroll of acquirement
 34645 | Lair:4   | Acquired the ring of Masian {rF+ rN+}
 37005 | Lair:5   | Reached skill level 14 in Shields
 37608 | Lair:5   | Found a staircase to the Slime Pits.
 38482 | Lair:6   | Entered Level 6 of the Lair of Beasts
 39013 | Lair:6   | Reached XP level 14. HP: 82/95 MP: 20/20
 39286 | Lair:6   | Reached skill level 15 in Shields
 42028 | D:10     | Noticed a fire giant
 42681 | D:11     | Noticed Erolcha
 42748 | D:10     | Reached skill level 10 in Invocations
 42936 | D:11     | Killed Erolcha
 42963 | D:11     | Found a bloodstained altar of Trog.
 42979 | D:11     | Found a transporter.
 42984 | D:11     | Identified the cursed +1 flail of Fukol {flame, +Inv rPois
                  | rF+}
 43252 | D:11     | Found a transporter.
 43594 | D:12     | Noticed Urug
 43626 | D:11     | Reached **** piety under Fedhas
 43735 | D:12     | Killed Urug
 44486 | D:12     | Found Syiss's Magic Scroll Shop.
 44489 | D:12     | Bought a scroll of identify for 32 gold pieces
 44489 | D:12     | Bought a scroll of silence for 120 gold pieces
 44489 | D:12     | Bought a scroll of identify for 32 gold pieces
 44489 | D:12     | Bought a scroll of amnesia for 56 gold pieces
 44489 | D:12     | Bought a scroll of identify for 32 gold pieces
 44489 | D:12     | Bought a scroll of identify for 32 gold pieces
 44489 | D:12     | Bought a scroll of teleportation for 48 gold pieces
 44489 | D:12     | Bought a scroll of remove curse for 48 gold pieces
 44878 | D:13     | You fall into a shaft and drop 2 floors!
 44878 | D:15     | Entered Level 15 of the Dungeon
 45508 | D:15     | Reached skill level 10 in Fighting
 45872 | D:15     | Found Ytykum's Assorted Antiques.
 45901 | D:15     | Reached skill level 10 in Dodging
 45902 | D:15     | Bought a wand of paralysis (8) for 76 gold pieces
 45902 | D:15     | Bought a scroll of identify for 76 gold pieces
 45902 | D:15     | Bought a potion of curing for 114 gold pieces
 45902 | D:15     | Bought a scroll of remove curse for 114 gold pieces
 49392 | D:13     | Noticed Kirke
 49843 | D:13     | Killed Kirke
 49844 | D:13     | Reached XP level 15. HP: 94/105 MP: 23/23
 51474 | D:14     | Found a glowing golden altar of the Shining One.
 51499 | D:14     | Found a gate to the Vaults.
 52177 | D:14     | HP: 5/105 [ironheart preserver/+0 dire flail (16)]
 53032 | D:14     | Found a sparkling altar of Nemelex Xobeh.
 57176 | D:15     | HP: 5/107 [anaconda (shapeshifter) (13)]
 58351 | D:15     | Found a staircase to the Depths.
 59189 | D:10     | Killed a fire giant
 60325 | Orc:1    | Found Xoink's Antique Weapon Shop.
 60882 | Orc:1    | Found a roughly hewn altar of Beogh.
 60998 | Orc:2    | Entered Level 2 of the Orcish Mines
 61405 | Orc:2    | Noticed Azrael
 62263 | Orc:1    | HP: 2/108 [Azrael/fireball (21)]
 62266 | Orc:1    | Killed from afar by Azrael

Illustrated notes

Levels and vault maps discovered:
D:1:      minmay_arrival_solitary_statue, layout_basic
D:2:      layout_basic, uniq_natasha
D:3:      layout_rooms, regret_index_temple_of_mockery,
          nemelex_xobeh_ov_fountains_minmay, nicolae_overflow_crystal_walls,
          grunt_gozag_breadcrumbs
D:4:      layout_basic, minmay_temple_entry_glass, uniq_duvessa
D:5:      lemuel_insect_pit, layout_basic, lemuel_coloured_pillars_altar,
          hex_intersection
D:6:      layout_rooms, pdpol_temple_overflow_zin_treasury_gozag_greed,
          gammafunk_ghost_nasty_kobolds
D:7:      layout_basic, old_standard_altar, basic_altar, minmay_mini_ossuary,
          uniq_crazy_yiuf_cottage
D:8:      layout_cave_pools, slow_altar_1, old_standard_altar,
          gammafunk_ghost_necromancy, chequers_arboretum
D:9:      layout_basic, due_lair_maze_entry_diamond, david_orc_3
D:10:     layout_loops_ring, minmay_evil_grid
D:11:     layout_basic, gammafunk_ghost_wrathful_warriors, uniq_erolcha
D:12:     layout_basic, serial_shops, kennysheep_mini_moat, uniq_urug
D:13:     layout_basic, feat_on_display, uniq_kirke
D:14:     layout_roguey, skrybe_vaults_entry_preservation,
          nicolae_tso_swordbearing_angel, basic_altar
D:15:     grunt_enter_depths_magical_seal, layout_irregular_city, serial_shops,
          shop, minmay_misc_feat_cross, minmay_fractal_squares_5
Temple:   nicolae_temple_no_exploring_needed
Lair:1:   layout_loops_ring, hibernation_bobbens
Lair:2:   layout_loops_ring, minmay_snake_entry_guardpost_medium,
          lemuel_fruit_tree, uniq_harold
Lair:3:   layout_hall_layers, minmay_shoals_entry_centaurs, grunt_megastairs_3
Lair:4:   nzn_winding_woodlands_small [nzn_winding_woodlands_5x15_default,
          nzn_winding_woodlands_center_garden,
          nzn_winding_woodlands_5x15_default], layout_cave_shapes,
          beast_lair_carwin_9, serial_bayou_shore_a, grunt_megastairs_2
Lair:5:   layout_loops_ring, dpeg_slime_entry_corner, wad_woods_03,
          grunt_megastairs_5
Lair:6:   grunt_lair_end_beastmaster, layout_long_grid
Orc:1:    layout_caves, serial_shops, shop, basic_altar
Orc:2:    pubby_orc_utopia, uniq_rupert, uniq_saint_roka, uniq_azrael

Skill      XL: |  1  2  3  4  5  6  7  8  9 10 11 12 13 14 15 |
---------------+----------------------------------------------+-----
Throwing       | 3 4 5 6 |  6.0
Short Blades   | 4 6 9 10 | 10.0
Invocations    | 4 7 9 11 12 | 12.7
Dodging        | 4 6 8 10 11 | 11.9
Fighting       | 4 7 8 10 12 | 12.0
Shields        | 5 11 14 15 | 15.0
Stealth        | |  5.3

Action                   |  1- 3 |  4- 6 |  7- 9 | 10-12 | 13-15 || total
-------------------------+-------+-------+-------+-------+-------++-------
Melee: Dagger            |    45 |    98 |   324 |   887 |  2177 ||  3531
       Constrict         |     9 |    23 |    60 |    94 |   165 ||   351
       Tentacles         |     7 |    11 |    61 |   225 |   657 ||   961
Throw: Dart              |       |     8 |    16 |    37 |    99 ||   160
Invok: Wall of Briars    |       |       |       |    18 |    10 ||    28
       Grow Ballistomyce |       |       |       |     9 |    10 ||    19
       Overgrow          |       |       |       |       |     4 ||     4
Evoke: Wand              |       |       |     1 |    15 |     7 ||    23
  Use: Scroll            |       |       |     5 |    31 |    18 ||    54
       Potion            |       |       |    10 |     6 |    14 ||    30
 Stab: Sleeping          |    11 |    15 |    15 |    26 |    37 ||   104
       Distracted        |       |     2 |     2 |     3 |     5 ||    12
       Confused          |       |       |       |     1 |       ||     1
Armor: Skin              |       |     4 |     6 |    33 |    72 ||   115
Dodge: Dodged            |    25 |    58 |   130 |   345 |   466 ||  1024
Block: Kite shield       |       |       |       |   206 |  1316 ||  1522
       Reflection        |       |       |       |     9 |    45 ||    54
